 Dungeon Crawl Stone Soup version 0.31-a0-702-gf82c85558f (webtiles) character file.

Game seed: 9968762240737523615

67 Essalna the Conjurer (level 4, 30/30 HPs)
             Began as a Demonspawn Conjurer on Sept 8, 2023.
             Got out of the dungeon alive.
             The game lasted 00:01:27 (863 turns).

Essalna the Conjurer (Demonspawn Conjurer)           Turns: 863, Time: 00:01:28

Health: 30/30      AC:  4    Str:  7    XL:     4   Next: 0%
Magic:  8/8        EV: 12    Int: 21    God:
Gold:   91         SH:  0    Dex: 12    Spells: 8/9 levels left

rFire   . . .        d - +0 dagger
rCold   . . .        (no shield)
rNeg    . . .        a - +0 robe
rPois   .            (no helmet)
rElec   .            (no cloak)
rCorr   .            (no gloves)
SInv    .            (no boots)
Will    .....        (no amulet)
Stlth   ++           (no ring)
HPRegen 0.25/turn    (no ring)
MPRegen 0.11/turn

%: no passive effects
@: no status effects
A: molten scales 1, demonic guardian 1, ignite blood 1
a: no special abilities


You escaped.
You visited 1 branch of the dungeon, and saw 2 of its levels.

You collected 91 gold pieces.

Inventory:

Hand Weapons
 d - a +0 dagger (weapon)
Armour
 a - a +0 robe (worn)
Scrolls
 e - a scroll of poison {unknown}
 g - a scroll of revelation {unknown}
Potions
 b - a potion of magic
 c - a potion of curing {unknown}
 f - a potion of heal wounds {unknown}


   Skills:
 - Level 1.7 Dodging
 - Level 1.7 Stealth
 + Level 3.1 Spellcasting
 + Level 4.8 Conjurations


You had 8 spell levels left.
You knew the following spells:

 Your Spells              Type           Power      Damage    Failure   Level
a - Magic Dart            Conj           92%        1d7       1%          1

Your spell library contained the following spells:

 Spells                   Type           Power      Damage    Failure   Level
 Searing Ray              Conj           46%        2d6       2%          2
 Dazzling Flash           Conj/Hex       26%        N/A       14%         3
 Summon Guardian Golem    Hex/Summ       3%         N/A       36%         3
 Fulminant Prism          Conj/Hex       6%         3d7       43%         4
 Iskenderun's Mystic Bla  Conj/Tloc      13%        2d5       43%         4
 Orb of Destruction       Conj           11%        9d6       100%        7
 Spellforged Servitor     Conj/Summ      6%         N/A       100%        7


Dungeon Overview and Level Annotations

Branches:
Dungeon (2/15)

Altars:


Innate Abilities, Weirdness & Mutations

You are partially covered in molten scales. (AC +2)
A weak demonic guardian rushes to your aid.
Your demonic aura sometimes causes spilled blood to erupt in flames.


Message History

The goblin shouts!
The magic dart hits the goblin.
You kill the goblin!
A kobold comes into view. It is wielding a +0 short sword.
The magic dart hits the kobold.
The kobold is heavily wounded.
The magic dart hits the kobold.
You kill the kobold!
A giant cockroach comes into view.
You see here 17 gold pieces.
A giant cockroach is nearby!
The magic dart hits the giant cockroach.
The giant cockroach is severely wounded.
The magic dart hits the giant cockroach.
You kill the giant cockroach!
You can't see any susceptible monsters within range! (Use Z to cast anyway.)
You can't see any susceptible monsters within range! (Use Z to cast anyway.)
You now have 91 gold pieces (gained 17).
A goblin comes into view. It is wielding a +0 dagger.
The magic dart hits the goblin.
The goblin is severely wounded.
The goblin shouts!
The magic dart hits the goblin.
You kill the goblin!
You can't see any susceptible monsters within range! (Use Z to cast anyway.)
You can't see any susceptible monsters within range! (Use Z to cast anyway.)
You see here a +0 dagger.
A rat and a goblin come into view.
The magic dart hits the rat.
You kill the rat!
The magic dart hits the goblin.
The goblin is moderately wounded.
The magic dart hits the goblin.
You kill the goblin!
You have reached level 4!
You feel agile.
Your demonic ancestry asserts itself...
Your blood heats up.
You see here a +0 dagger.
There is a staircase leading out of the dungeon here.
You have escaped!

#######
###.....###
##.........##
##.....#.....##
#.....###.....#
##.....#
#@....##
#.....##
##.....#
#..#..# #..#..#
#..#..# #..#..#
#.....##
##.....#
##.....#
#.....##
#.....###.....#
##...........##
##
##....#....##
..


There were no monsters in sight!

Vanquished Creatures
  3 adders (D:2)
  A dart slug (D:1)
  2 endoplasms (D:1)
  2 giant cockroaches (D:1)
  7 hobgoblins
  3 jackals (D:1)
  3 quokkas
  3 bats
  A frilled lizard (D:1)
  7 goblins
  2 kobolds (D:1)
  A rat (D:1)
35 creatures vanquished.

Notes
Turn   | Place    | Note
-------+----------+-------------------------------------------
     0 | D:1      | Essalna the Demonspawn Conjurer began the quest for the
                  | Orb.
     0 | D:1      | Reached XP level 1. HP: 13/13 MP: 3/3
    17 | D:1      | You fall into a shaft and drop 1 floor!
    23 | D:2      | Found a faded altar of an unknown god.
    80 | D:2      | Gained mutation: You are partially covered in molten
                  | scales. (AC +2) [demonic ancestry]
    80 | D:2      | Reached XP level 2. HP: 15/19 MP: 0/5
   282 | D:2      | Gained mutation: A weak demonic guardian rushes to your
                  | aid. [demonic ancestry]
   282 | D:2      | Reached XP level 3. HP: 24/24 MP: 1/7
   828 | D:1      | Gained mutation: Your demonic aura sometimes causes spilled
                  | blood to erupt in flames. [demonic ancestry]
   828 | D:1      | Reached XP level 4. HP: 30/30 MP: 4/8
   863 | D:$      | Got out of the dungeon alive.

Illustrated notes

Levels and vault maps discovered:
D:1:      minmay_arrival_loop, layout_loops_ring
D:2:      layout_rooms, dreamdust_ecumenical_altar_angels_and_demons,
          minmay_puff

Skill      XL: |  1  2  3 |
---------------+----------+-----
Spellcasting   | 3 |  3.1
Dodging        | |  1.7
Stealth        | |  1.7
Conjurations   | |  4.8

Action                     |  1- 3 |  4- 6 || total
---------------------------+-------+-------++-------
  Melee: Dagger            |    54 |       ||    54
         Punch             |     1 |       ||     1
   Cast: Magic Dart        |    57 |       ||    57
 Armour: Robe              |    30 |       ||    30
  Dodge: Dodged            |    34 |       ||    34

Table legend: (Time is in decaauts)
 A = Elapsed time spent in this place.
 B = Non-inter-level travel time spent in this place.
 C = Inter-level travel time spent in this place.
 D = Time resting spent in this place.
 E = Time spent auto-exploring this place.
 F = Levels seen in this place.
 G = Mean time per level.
                   A        B        C        D        E       F      G
               +--------+--------+--------+--------+--------+-----+--------+
         Total |    862 |    821 |     41 |      0 |    660 |   2 |  431.0 |
       Dungeon |    862 |    821 |     41 |      0 |    660 |   2 |  431.0 |
               +--------+--------+--------+--------+--------+-----+--------+

Top non-repeatable levels by time:
     D:1: 508 daAuts
     D:2: 353 daAuts
